 Dungeon Crawl Stone Soup version 0.25-a0-578-gc91f01c39c (webtiles) character file.

Game seed: 8761224114144700050, levelgen mode: deterministic

535904 mopl the Executioner (level 25, -51/228 HPs)
             Began as a Hill Orc Skald on Mar 4, 2020.
             Was the Champion of Beogh.
             Annihilated by a titan (65 damage)
             ... on level 4 of the Vaults.
             The game lasted 03:08:24 (79153 turns).

mopl the Executioner (Hill Orc Skald)              Turns: 79153, Time: 03:08:25

Health: -51/228    AC: 21    Str: 31    XL:     25   Next: 81%
Magic:  34/37      EV: 20    Int: 15    God:    Beogh [******]
Gold:   3191       SH:  8    Dex: 11    Spells: 11/27 levels left

rFire    + + +     SeeInvis +   a - +2 battleaxe (drain)
rCold    + + .     Gourm    .   (shield currently unavailable)
rNeg     + + .     Faith    .   B - +3 faerie dragon scales {rF++ rN+ rCorr Str+3 Int+4}
rPois    +         Spirit   .   U - +0 helmet "Anay" {+Inv rC+ Str+2 Int-4}
rElec    +         Reflect  +   n - scarf {rC+ rF+}
rCorr    +         Harm     .   I - +0 pair of gloves {Dex+3}
MR       +....                  L - +2 pair of boots "Ypubbofo" {Int+2 Stlth+}
Stlth    +++.......             m - brooch of Shielding {Reflect SH+8}
HPRegen  0.48/turn              V - ring of Geifited {+Inv rPois MR+ SInv Stlth+}
MPRegen  0.25/turn              s - ring of Tefyxaill {rElec rN+ MR- Slay+6}

@: no status effects
A: walk on water, clumsy 1, subdued magic 1
}: 3/15 runes: decaying, serpentine, slimy
a: Smiting, Recall Orcish Followers, Give Item to Named Follower, Resurrection,
Renounce Religion, Evoke Invisibility


You were on level 4 of the Vaults.
You worshipped Beogh.
Beogh was exalted by your worship.
You were hungry.

You visited 11 branches of the dungeon, and saw 51 of its levels.
You visited the Abyss 1 time.
You visited 1 bazaar.
You also visited: Sewer, Gauntlet and Ice Cave.

You collected 10188 gold pieces.
You spent 6997 gold pieces at shops.

Inventory:

Hand Weapons
 a - a +2 battleaxe of draining (weapon)
 b - the +5 arbalest of the Spinneret {elec, rN+ Str+3 Stlth+}
   (You found it on level 4 of the Vaults)

   It charges the ammunition it shoots with electricity; occasionally upon a
   hit, such missiles may discharge and cause terrible harm.
   It affects your strength (+3).
   It protects you from negative energy.
   It makes you more stealthy.
Missiles
 g - 1892 bolts
Armour
 n - a scarf of resistance (worn)
 B - the +3 faerie dragon scales (worn) {rF++ rN+ rCorr Str+3 Int+4}
   (You took it off the Enchantress on level 3 of the Depths)

   It affects your strength (+3).
   It affects your intelligence (+4).
   It greatly protects you from fire.
   It protects you from negative energy.
   It provides partial protection from all sources of acid and corrosion.
   If you remove this armour, your AC will decrease by 14 (21 -> 7).
 I - a +0 pair of gloves of dexterity (worn)
 L - the +2 pair of boots "Ypubbofo" (worn) {Int+2 Stlth+}
   (You bought it in a shop on level 2 of the Orcish Mines)

   It affects your intelligence (+2).
   It makes you more stealthy.
   If you remove this armour, your AC will decrease by 4 (21 -> 17).
 U - the +0 helmet "Anay" (worn) {+Inv rC+ Str+2 Int-4}
   (You bought it in a shop on level 3 of the Vaults)

   It affects your strength (+2).
   It affects your intelligence (-4).
   It protects you from cold.
   It lets you turn invisible.
   If you remove this armour, your AC will decrease by 2 (21 -> 19).
Jewellery
 i - an uncursed amulet of the acrobat
 m - the brooch of Shielding (around neck) {Reflect SH+8}
   (You found it in a Gauntlet)

   [amulet of reflection]

   It shields you and reflects attacks.
   It affects your SH (+8).
 s - the ring of Tefyxaill (right hand) {rElec rN+ MR- Slay+6}
   (You found it in a Gauntlet)

   [ring of slaying]

   It affects your accuracy and damage with ranged weapons and melee attacks
   (+6).
   It insulates you from electricity.
   It protects you from negative energy.
   It affects your resistance to hostile enchantments.
 V - the ring of Geifited (left hand) {+Inv rPois MR+ SInv Stlth+}
   (You acquired it on level 13 of the Dungeon)

   [ring of protection from magic]

   It protects you from poison.
   It affects your resistance to hostile enchantments.
   It lets you see invisible.
   It lets you turn invisible.
   It makes you more stealthy.
Wands
 k - a wand of digging (3)
 o - a wand of clouds (5)
 w - a wand of enslavement (6)
 O - a wand of polymorph (26)
 S - a wand of acid (29)
 T - a wand of iceblast (30)
 W - a wand of scattershot (2)
 X - a wand of paralysis (20)
Scrolls
 f - 3 scrolls of blinking
 h - 13 scrolls of remove curse
 p - 12 scrolls of magic mapping
 q - 18 scrolls of teleportation
 t - 8 scrolls of identify
 y - 3 scrolls of holy word
 A - 10 scrolls of fear
 G - 12 scrolls of fog
 M - a scroll of silence {!r}
 N - a scroll of summoning
 Q - a scroll of enchant weapon
 Y - 5 scrolls of vulnerability
 Z - 2 scrolls of enchant armour
Potions
 d - 11 potions of might
 e - 20 potions of curing
 j - 9 potions of resistance
 l - 8 potions of magic
 r - 9 potions of heal wounds
 u - 3 potions of lignification {!q}
 v - 5 potions of haste
 x - 10 potions of flight
 D - 13 potions of stabbing
 F - 8 potions of cancellation
 J - a potion of ambrosia
 R - 5 potions of invisibility
Miscellaneous
 z - 2 phantom mirrors
 C - a phial of floods
 E - a lightning rod (4/4)
 K - a lamp of fire
 P - a fan of gales
Comestibles
 c - 38 rations
 H - 7 chunks of flesh


   Skills:
 + Level 19.3 Fighting
 + Level 22.9 Axes
 * Level 18.7 Crossbows
 - Level 3.3 Throwing
 + Level 18.0 Armour
 + Level 15.8 Dodging
 - Level 1.5 Spellcasting
 - Level 6.0 Charms
 + Level 2.5 Translocations
 * Level 21.3 Invocations
 - Level 10.0 Evocations


You had 11 spell levels left.
You knew the following spells:

 Your Spells              Type           Power        Failure   Level  Hunger
a - Apportation           Tloc           #.....       8%          1    ##.....
b - Song of Slaying       Chrm           ##......     2%          2    ###....
c - Spectral Weapon       Hex/Chrm       #.......     19%         3    ####...
e - Blink                 Tloc           N/A          12%         2    ###....
n - Swiftness             Chrm/Air       #.......     10%         2    ###....
p - Passwall              Tmut/Erth      #.......     32%         2    ###....
P - Passage of Golubria   Tloc           N/A          63%         4    #####..

Your spell library contained the following spells:

 Spells                   Type           Power        Failure   Level  Hunger
 Infusion                 Chrm           ##..         1%          1    ##.....
 Shroud of Golubria       Chrm/Tloc      ##....       5%          2    ###....
 Ozocubu's Armour         Chrm/Ice       #.......     19%         3    ####...
 Animate Skeleton         Necr           N/A          22%         1    ##.....
 Beastly Appendage        Tmut           #.....       22%         1    ##.....
 Corona                   Hex            #......      22%         1    ##.....
 Foxfire                  Conj/Fire      #...         22%         1    ##.....
 Freeze                   Ice            #...         22%         1    ##.....
 Magic Dart               Conj           #...         22%         1    ##.....
 Pain                     Necr           #...         22%         1    ##.....
 Sandblast                Erth           #.....       22%         1    ##.....
 Shock                    Conj/Air       #...         22%         1    ##.....
 Sting                    Tmut/Pois      #...         22%         1    ##.....
 Summon Small Mammal      Summ           #...         22%         1    ##.....
 Gell's Gravitas          Tloc           #.........   24%         3    ####...
 Call Imp                 Summ           #.......     32%         2    ###....
 Corpse Rot               Necr/Air       N/A          32%         2    ###....
 Poisonous Vapours        Pois/Air       #.....       32%         2    ###....
 Searing Ray              Conj           #.....       32%         2    ###....
 Slow                     Hex            #.......     32%         2    ###....
 Sublimation of Blood     Necr           #.........   32%         2    ###....
 Recall                   Summ/Tloc      N/A          38%         3    ####...
 Call Canine Familiar     Summ           #.......     56%         3    ####...
 Confusing Touch          Hex            #.......     56%         3    ####...
 Conjure Flame            Conj/Fire      #.......     56%         3    ####...
 Dazzling Flash           Conj/Hex       #.....       56%         3    ####...
 Frozen Ramparts          Ice            #.....       56%         3    ####...
 Ignite Poison            Fire/Tmut/Pois #.......     56%         3    ####...
 Inner Flame              Hex/Fire       #.......     56%         3    ####...
 Mephitic Cloud           Conj/Pois/Air  #.......     56%         3    ####...
 Spider Form              Tmut/Pois      #.........   56%         3    ####...
 Static Discharge         Conj/Air       #.......     56%         3    ####...
 Stone Arrow              Conj/Erth      #.....       56%         3    ####...
 Summon Guardian Golem    Hex/Summ       #.......     56%         3    ####...
 Vampiric Draining        Necr           #.........   56%         3    ####...
 Iskenderun's Mystic Bla  Conj/Tloc      #.......     80%         4    #####..
 Excruciating Wounds      Chrm/Necr      #.........   89%         5    ######.
 Iskenderun's Battlesphe  Conj/Chrm      #.......     89%         5    ######.
 Airstrike                Air            #.........   93%         4    #####..
 Fulminant Prism          Conj/Hex       #.........   93%         4    #####..
 Hailstorm                Conj/Ice       #.......     93%         4    #####..
 Leda's Liquefaction      Hex/Erth       #.........   93%         4    #####..
 Olgreb's Toxic Radiance  Pois           #.......     93%         4    #####..
 Petrify                  Tmut/Erth      #.......     93%         4    #####..
 Sticky Flame             Conj/Fire      #.......     93%         4    #####..
 Summon Ice Beast         Ice/Summ       #.......     93%         4    #####..
 Summon Lightning Spire   Summ/Air       #.......     93%         4    #####..
 Summon Forest            Summ/Tloc      #.........   99%         5    ######.
 Agony                    Necr           #.......     100%        5    ######.
 Alistair's Intoxication  Tmut/Pois      #.......     100%        5    ######.
 Aura of Abjuration       Summ           #.........   100%        5    ######.
 Blade Hands              Tmut           #.........   100%        5    ######.
 Bolt of Magma            Conj/Fire/Erth #.........   100%        5    ######.
 Borgnjor's Vile Clutch   Necr/Erth      #.........   100%        5    ######.
 Fireball                 Conj/Fire      #.........   100%        5    ######.
 Irradiate                Conj/Tmut      #.........   100%        5    ######.
 Lee's Rapid Deconstruct  Erth           #.........   100%        5    ######.
 Lightning Bolt           Conj/Air       #.........   100%        5    ######.
 Metabolic Englaciation   Hex/Ice        #.........   100%        5    ######.
 Silence                  Hex/Air        #.........   100%        5    ######.
 Summon Demon             Summ           #.........   100%        5    ######.
 Summon Mana Viper        Hex/Summ       #.......     100%        5    ######.
 Yara's Violent Unravell  Hex/Tmut       #.........   100%        5    ######.
 Conjure Ball Lightning   Conj/Air       #.........   100%        6    #######
 Darkness                 Hex            #.........   100%        6    #######
 Deflect Missiles         Chrm/Air       #.........   100%        6    #######
 Eringya's Noxious Bog    Tmut/Pois      #.........   100%        6    #######
 Freezing Cloud           Conj/Ice/Air   #.........   100%        6    #######
 Hydra Form               Tmut           #.........   100%        6    #######
 Invisibility             Hex            #.......     100%        6    #######
 Iron Shot                Conj/Erth      #.........   100%        6    #######
 Shadow Creatures         Summ           N/A          100%        6    #######
 Simulacrum               Ice/Necr       #.........   100%        6    #######
 Starburst                Conj/Fire      #.........   100%        6    #######
 Statue Form              Tmut/Erth      #........    100%        6    #######
 Orb of Destruction       Conj           #.........   100%        7    #######
 Spellforged Servitor     Conj/Summ      #.........   100%        7    #######
 Death's Door             Chrm/Necr      #.........   100%        8    #######
 Shatter                  Erth           #.........   100%        9    #######
 Tornado                  Air            #.........   100%        9    #######


Dungeon Overview and Level Annotations

Branches:
Dungeon (15/15)            Temple (1/1) D:6            Lair (6/6) D:11
  Swamp (4/4) Lair:4        Snake (4/4) Lair:2        Slime (5/5) Lair:5
    Orc (2/2) D:11            Elf (3/3) Orc:2        Vaults (5/5) D:13
  Crypt (3/3) Vaults:2       Tomb (0/3) Crypt:3      Depths (3/5) D:15
  Sewer (visited)           IceCv (visited)         Gauntlet (visited)

Altars:
Ashenzari
Cheibriados
Dithmenos
Elyvilon
Fedhas
Gozag
Hepliaklqana
Kikubaaqudgha
Makhleb
Nemelex Xobeh
Okawaru
Qazlal
Ru
Sif Muna
Trog
Uskayaw
Vehumet
Wu Jian
Xom
Yredelemnul
Zin
The Shining One
Beogh
Jiyva

Shops:
D:11 =?%(   D:12 *   Orc:2 *[!?   Elf:1 [   Elf:2 =}}(   Snake:2 %}**
Vaults:3 *:[?}[   Depths:2 [

Portals:
Hell: Depths:1 Depths:2 Depths:3
Abyss: Depths:2 Depths:3
Pandemonium: Depths:3
Trove: Vaults:2 (give +2 storm dragon scales)

Annotations:
Swamp:1 2 transporters, erdraug's ghost, adept KoAr
Orc:2 3 runed translucent doors, louiscrawler's ghost, journeyman GrIE
Elf:3 tin


Innate Abilities, Weirdness & Mutations

You can walk on water.
You are clumsy. (Dex -2)
Your spells are a little easier to cast, but a little less powerful.


Message History

You slash the titan!
The titan waves its arms in wide circles.
The air twists around and strikes you!
* * * LOW HITPOINT WARNING * * *
Unknown command.
You slice the titan!!
The titan is almost dead.
You slice the titan!! You drain the titan. The titan hits you!!!
* * * LOW HITPOINT WARNING * * *
The titan hits you.
* * * LOW HITPOINT WARNING * * *
Unknown command.
Aiming: Smiting
Press: ? - help, Dir - move target cursor, f - titan Smite: a titan (almost dead, lightly drained)
You smite the titan!
You kill the titan!
Beogh accepts your kill. The titan hits you!!!
You die...

#......#########.##.# #....
#......#.......'..#########'#
#......#.......#..(##........
#......'.......#....##.......
#......#.......#.....##......
#......#.......#......'#....#
#......#.......#####'########
#......#...)[[.# #..........#
#######'####...[@C)# #..........#
#..........#...[[[.# #..)####...#
#...(......#.......# #.(##.))#..#
'.....(..[.'.......# #..#.)(.#..#
#..........#####'#####.(#..(.#..#
#..........# #......##..##..##..#
########'#####......##...####...#
# #.......#......##....[.....# #
#.......#......##..........#


You could see a titan.

Vanquished Creatures
  the Royal Jelly (Slime:5)
  3 ancient liches (Crypt:3)
  the Lernaean hydra (Swamp:4)
  Margery (Crypt:2)
  Vashnia (Snake:3)
  Saint Roka (Depths:2)
  Frederick (Depths:3)
  A curse toe (Crypt:3)
  Nikola (Snake:1)
  the Enchantress (Depths:3)
  2 liches
  An Ice Fiend (IceCv)
  A titan (Vaults:4)
  2 deep elf master archers (Elf:3)
  4 deep elf blademasters
  11 acid blobs
  2 sphinxes (Depths:3)
  3 tentacled starspawn (Abyss:3)
  8 ancient champions
  Gastronok (D:10)
  The ghost of EnegeticOcto the Champion of Chaos, an adept DDFi of Makhleb (Depths:1)
  4 revenants
  14 azure jellies
  A thorn hunter (Swamp:3)
  4 frost giants
  Donald (Swamp:2)
  12 nagarajas
  2 tengu reavers
  7 fire giants
  10 vault wardens
  6 deep elf sorcerers (Elf:3)
  3 deep elf elementalists (Elf:3)
  2 curse skulls
  Louise (Elf:3)
  2 reapers
  13 ironheart preservers
  2 spriggan defenders (Depths:3)
  12 very ugly things
  An entropy weaver (Vaults:2)
  A war gargoyle (Vaults:2)
  4 ghouls
  A stone giant (shapeshifter) (Depths:3)
  16 stone giants
  6 vampire knights
  6 deep elf demonologists
  Azrael (Snake:3)
  A minotaur (Gauntlet)
  7 deep elf annihilators
  The ghost of Flugslaktarn the Cleaver, a journeyman DDFi of Cheibriados (Lair:5)
  4 eidola
  2 spark wasps (Depths:2)
  7 deep elf death magi
  A green death (Depths:3)
  2 crystal guardians (Vaults:4)
  5 fire dragons
  4 jiangshi
  5 death oozes (Slime:5)
  9 yaktaur captains
  4 deep elf high priests
  7 ettins
  19 naga warriors
  Fannar (D:11)
  11 great orbs of eyes
  5 rakshasas
  Erolcha (D:11)
  33 vault guards
  5 ice dragons
  3 spriggan air magi (Depths:3)
  19 hydras
  4 ghost crabs (Swamp:3)
  A shambling mangrove (Swamp:4)
  18 anacondas
  2 death knights
  5 alligators
  9 ogre magi
  8 centaur warriors
  3 deep troll earth magi
  6 deep troll shamans
  26 dancing weapons
  23 two-headed ogres
  A death yak (Lair:6)
  A tengu warrior (Depths:1)
  7 vampire magi
  18 naga sharpshooters
  8 shock serpents
  Nergalle (Lair:1)
  A fire crab (shapeshifter) (Depths:3)
  21 deep elf knights
  3 soul eaters
  3 storm dragon zombies
  9 hell knights
  A sixfirhy (Abyss:3)
  A ghost moth zombie (Crypt:3)
  2 titan skeletons
  6 skeletal warriors
  3 iron trolls
  An unseen horror (shapeshifter) (Depths:1)
  A salamander mystic (Snake:4)
  6 deep trolls
  4 shadow wraiths
  4 glowing orange brains
  An iron giant zombie (Crypt:1)
  2 sea snakes (Snake:4)
  4 unseen horrors
  6 spriggan druids
  4 flayed ghosts
  7 swamp dragons
  6 phantasmal warriors
  An infernal demonspawn (Depths:3)
  5 wizards
  11 deep elf archers
  12 naga ritualists
  6 orc knights
  10 necromancers
  9 ironbrand convokers
  51 deep elf magi
  A shadow dragon zombie (Crypt:3)
  An anaconda skeleton (Crypt:2)
  4 oklob plants (Lair:3)
  A harpy (shapeshifter) (Vaults:3)
  12 mana vipers
  4 orc sorcerers
  33 ugly things
  3 manticores
  A faun (shapeshifter) (Vaults:3)
  9 salamanders
  2 shining eyes
  3 wolf spiders
  A stone giant skeleton (Crypt:2)
  6 cyclopes
  34 black mambas
  17 guardian serpents
  A dire elephant zombie (Crypt:3)
  10 elephants
  A guardian serpent (shapeshifter) (Vaults:3)
  A human skeleton (Vaults:2)
  11 vault sentinels
  17 spiny frogs
  Psyche (D:8)
  6 gargoyles
  28 naga magi
  7 eyes of devastation
  An ice statue (IceCv)
  A minotaur zombie (Crypt:2)
  A torpor snail (shapeshifter) (Depths:3)
  An orange demon (Depths:3)
  A rust devil (Depths:3)
  2 centaur skeletons
  A storm dragon simulacrum (Crypt:2)
  6 komodo dragons
  6 anaconda simulacra (IceCv)
  A white draconian zombie (Crypt:1)
  A rime drake (Lair:3)
  12 freezing wraiths
  A demonic crawler (Abyss:3)
  2 kobold demonologists (D:15)
  41 yaktaurs
  2 rime drakes (shapeshifter)
  A komodo dragon (shapeshifter) (Vaults:4)
  6 ice devils (IceCv)
  A tengu conjurer (Depths:1)
  A harpy zombie (D:15)
  A queen bee (Lair:5)
  A yaktaur skeleton (Vaults:2)
  A troll (shapeshifter) (Elf:3)
  7 trolls
  4 red devils
  10 polar bears
  2 jumping spiders (Vaults:2)
  7 tyrant leeches
  A hydra zombie (Crypt:1)
  4 meliai
  An ice dragon zombie (Crypt:1)
  A raiju (Abyss:3)
  50 slime creatures
  17 hornets
  19 blink frogs
  7 dream sheep
  9 hippogriffs
  2 hydra skeletons
  A raiju (shapeshifter) (D:14)
  16 bog bodies
  A dream sheep (shapeshifter) (Depths:2)
  6 large abominations
  3 air elementals (Elf:1)
  An alligator skeleton (Crypt:1)
  A redback (Vaults:2)
  9 wraiths
  18 spriggans
  A dire elephant simulacrum (IceCv)
  17 yaks
  3 shadows
  5 basilisks
  2 yaks (shapeshifter)
  A wyvern (D:12)
  2 hungry ghosts
  2 chaos spawn
  6 fire elementals
  A hog (shapeshifter) (Vaults:1)
  A golden eye (shapeshifter) (Vaults:4)
  A steam dragon (D:14)
  2 neqoxecs
  9 water elementals
  3 golden eyes (Depths:1)
  5 wargs
  Edmund (D:6)
  2 insubstantial wisps (Swamp:3)
  16 swamp worms
  A swamp worm (shapeshifter) (Elf:3)
  An acid dragon (shapeshifter) (Vaults:3)
  4 iron troll simulacra (IceCv)
  52 nagas
  A torturous demonspawn skeleton (Crypt:3)
  7 water moccasins
  2 infernal demonspawn skeletons
  2 porcupines
  Duvessa (D:6)
  3 hell hounds (Snake:3)
  6 hydra simulacra (IceCv)
  2 floating eyes
  Purgy (Sewer)
  11 swamp drakes
  3 black bears
  37 orc warriors
  A small abomination (Abyss:3)
  An ettin simulacrum (IceCv)
  2 ice beasts
  5 sky beasts
  An elephant zombie (Crypt:1)
  A necrophage (Crypt:2)
  An ice dragon simulacrum (Crypt:1)
  A lindwurm zombie (Crypt:3)
  33 ogres
  5 eyes of draining
  2 phantoms
  14 wolves
  A wolf (shapeshifter) (Vaults:3)
  8 boggarts
  14 crocodiles
  21 centaurs
  An octopode zombie (Crypt:2)
  2 hippogriff zombies (Crypt:1)
  5 big kobolds
  2 elf zombies (Elf:1)
  9 bullfrogs
  2 earth elementals
  Dowan (D:6)
  5 gnoll sergeants
  2 scorpions
  3 wyvern skeletons
  A polar bear zombie (Crypt:1)
  A water moccasin skeleton (D:4)
  A human simulacrum (Vaults:3)
  A spriggan skeleton (Crypt:3)
  13 killer bees
  A polar bear skeleton (Crypt:2)
  2 wights (D:12)
  5 howler monkeys
  5 electric eels
  9 lava snakes (Snake:4)
  4 centaur zombies
  5 crimson imps
  4 draconian simulacra (IceCv)
  5 bullfrog skeletons
  7 jellies
  A bullfrog zombie (D:12)
  A basilisk zombie (Crypt:1)
  9 orc priests
  9 hounds
  An iron imp (Abyss:3)
  5 iguanas
  17 orc wizards
  6 worker ants
  2 troll simulacra (IceCv)
  2 spriggan simulacra (IceCv)
  2 centaur simulacra (IceCv)
  A hound zombie (Crypt:2)
  A howler monkey zombie (D:11)
  9 gnolls
  A worker ant zombie (D:9)
  9 adders
  3 naga simulacra (IceCv)
  7 shadow imps
  7 white imps (IceCv)
  6 ufetubi (IceCv)
  16 oozes
  2 adder skeletons
  3 worms
  5 dart slugs
  5 leopard geckos
  67 orcs
  3 giant cockroaches
  7 goblins
  8 hobgoblins
  7 jackals
  9 kobolds
  4 quokkas
  8 ball pythons
  7 bats
  9 frilled lizards
  A goblin skeleton (Crypt:1)
  2 leopard gecko skeletons (D:4)
  A quokka skeleton (Crypt:1)
  27 rats
  2 crawling corpses (Elf:3)
  4 fungi
  6 plants
  2 withered plants (Gauntlet)
1907 creatures vanquished.

Vanquished Creatures (collateral kills)
  3 fire giants
  2 azure jellies (Depths:2)
  Roxanne (D:15)
  A frost giant (Depths:3)
  An orc warlord (Orc:2)
  A vault warden (Vaults:2)
  5 very ugly things
  2 ironheart preservers
  An ettin (Vaults:4)
  Snorg (D:10)
  2 fire dragons
  2 vault guards (D:13)
  A centaur warrior (D:13)
  2 rakshasas
  A spriggan air mage (Depths:3)
  2 hydras
  5 ogre magi
  A deep troll shaman (Depths:3)
  An alligator (Swamp:2)
  17 two-headed ogres
  2 death yaks (Lair:6)
  2 skeletal warriors (Crypt:1)
  An iron troll (Depths:2)
  A tengu zombie (Vaults:2)
  4 deep trolls
  A deep elf archer (Vaults:2)
  A necromancer (Vaults:3)
  3 ironbrand convokers
  A wolf spider (Vaults:3)
  An ugly thing (D:15)
  3 deep elf magi
  A salamander (Depths:2)
  A vault sentinel (Vaults:2)
  8 elephants (Lair:6)
  A guardian serpent (shapeshifter) (Vaults:4)
  A naga mage (Snake:3)
  3 black mambas
  2 spiny frogs
  An eye of devastation (Depths:2)
  2 komodo dragons (shapeshifter)
  3 yaktaurs
  3 human skeletons (Vaults:3)
  A freezing wraith (Vaults:3)
  A red devil (Elf:2)
  4 polar bears
  A troll (Vaults:3)
  3 slime creatures
  2 hornets (Lair:6)
  2 blink frogs
  A raiju (shapeshifter) (Vaults:3)
  2 hippogriffs
  A shadow (Crypt:2)
  A water elemental (Depths:2)
  A yak (Lair:6)
  2 spriggans (Lair:6)
  A basilisk (Lair:6)
  A warg (Depths:2)
  A soldier ant (shapeshifter) (Vaults:3)
  A porcupine (Lair:5)
  2 swamp drakes (Swamp:4)
  2 orc warriors
  An orc zombie (Vaults:2)
  An elf zombie (Vaults:3)
  A human zombie (Vaults:2)
  7 wolves (Lair:6)
  7 ogres
  2 bullfrogs (Lair:5)
  2 wights (D:12)
  A hound (D:13)
  An orc priest (D:13)
  An orc wizard (D:13)
  2 worker ants (D:13)
  An iguana skeleton (Crypt:2)
  6 orcs
  3 fungi
  2 plants
166 creatures vanquished.

Vanquished Creatures (others)
  2 orc sorcerers
  2 naga sharpshooters
  13 orc knights
  A swamp dragon (Swamp:4)
  A deep elf archer (Elf:2)
  13 orc priests
  2 guardian serpents (Snake:4)
  5 yaktaurs
  17 orc warriors
  A dire elephant simulacrum (IceCv)
  2 insubstantial wisps (Swamp:3)
  An ogre (Vaults:2)
  A crimson imp (D:6)
  13 orc wizards
  A shadow imp (D:6)
  32 orcs
  A kobold (D:15)
  A rat (D:2)
  27 fungi
  24 plants
  4 starspawn tentacles (Abyss:3)
  4 withered plants
168 creatures vanquished.

Grand Total: 2241 creatures vanquished

Notes
Turn   | Place    | Note
-------+----------+-------------------------------------------
     0 | D:1      | mopl the Hill Orc Skald began the quest for the Orb.
     0 | D:1      | Reached XP level 1. HP: 18/18 MP: 3/3
    50 | D:1      | Reached skill level 3 in Axes
   182 | D:1      | Reached XP level 2. HP: 22/25 MP: 4/4
   220 | D:1      | Reached skill level 4 in Axes
   445 | D:1      | Reached XP level 3. HP: 28/30 MP: 5/5
   863 | D:2      | Reached skill level 5 in Axes
  1115 | D:2      | Reached XP level 4. HP: 32/37 MP: 6/6
  1454 | D:2      | Learned a level 2 spell: Song of Slaying
  1458 | D:2      | Learned a level 3 spell: Spectral Weapon
  1490 | D:2      | Found a radiant altar of Vehumet.
  1997 | D:3      | Found a hide-covered altar of Uskayaw.
  1997 | D:3      | Noticed a +0 dagger
  1997 | D:3      | Noticed a +0 hand axe
  2045 | D:3      | Reached skill level 3 in Fighting
  2045 | D:3      | Reached skill level 2 in Armour
  2045 | D:3      | Reached XP level 5. HP: 38/45 MP: 7/7
  2058 | D:3      | Found a glowing drain.
  2122 | Sewer    | Entered a sewer
  2315 | Sewer    | Noticed Purgy
  2325 | Sewer    | Killed Purgy
  2325 | Sewer    | Reached skill level 6 in Axes
  2497 | D:3      | Reached XP level 6. HP: 52/52 MP: 8/8
  2647 | D:3      | Found an opulent altar of Gozag.
  3236 | D:4      | Reached skill level 4 in Fighting
  3236 | D:4      | Reached skill level 3 in Armour
  3256 | D:3      | Reached skill level 7 in Axes
  3563 | D:4      | You fall into a shaft and drop 3 floors!
  3597 | D:7      | Reached XP level 7. HP: 20/60 MP: 9/9
  3819 | D:7      | Noticed a hungry ghost
  3827 | D:7      | Reached skill level 8 in Axes
  3845 | D:7      | Killed a hungry ghost
  3845 | D:7      | Reached skill level 5 in Fighting
  3845 | D:7      | Reached skill level 4 in Armour
  3905 | D:7      | Found a shadowy altar of Dithmenos.
  3917 | D:7      | Found a glowing golden altar of the Shining One.
  4007 | D:7      | Learned a level 1 spell: Apportation
  4063 | D:6      | Found a staircase to the Ecumenical Temple.
  4095 | Temple   | Entered the Ecumenical Temple
  4338 | D:6      | Became a worshipper of Beogh the Brigand
  4348 | D:6      | Reached skill level 9 in Axes
  4348 | D:6      | Reached XP level 8. HP: 51/69 MP: 10/10
  4425 | D:6      | Found a bloodstained altar of Trog.
  4763 | D:5      | Entered Level 5 of the Dungeon
  4893 | D:4      | Found a blossoming altar of Fedhas.
  4899 | D:4      | Found an ornate altar of the Wu Jian Council.
  4899 | D:4      | Found a basalt altar of Yredelemnul.
  4902 | D:4      | Found a hazy altar of Hepliaklqana.
  4903 | D:4      | Found a shimmering blue altar of Sif Muna.
  5066 | D:5      | You fall into a shaft and drop 1 floor!
  5087 | D:6      | Noticed Duvessa
  5087 | D:6      | Noticed Dowan
  5092 | D:6      | Noticed Edmund
  5093 | D:6      | Killed Duvessa
  5093 | D:6      | Reached skill level 6 in Fighting
  5093 | D:6      | Reached skill level 5 in Armour
  5093 | D:6      | Reached skill level 1 in Invocations
  5106 | D:6      | Killed Dowan
  5122 | D:6      | Killed Edmund
  5122 | D:6      | Reached skill level 10 in Axes
  5122 | D:6      | Reached skill level 2 in Invocations
  5572 | D:5      | Found a snail-covered altar of Cheibriados.
  6185 | D:7      | Reached skill level 3 in Invocations
  6185 | D:7      | Reached XP level 9. HP: 60/78 MP: 11/11
  6738 | D:7      | Noticed a two-headed ogre
  6751 | D:7      | Killed a two-headed ogre
  6751 | D:7      | Reached skill level 7 in Fighting
  6751 | D:7      | Reached skill level 11 in Axes
  6751 | D:7      | Reached skill level 6 in Armour
  6751 | D:7      | Reached skill level 2 in Dodging
  6751 | D:7      | Reached skill level 4 in Invocations
  6760 | D:7      | Found a sacrificial altar of Ru.
  6874 | D:7      | Reached * piety under Beogh
  7357 | D:8      | Reached skill level 5 in Invocations
  7510 | D:8      | Noticed Psyche
  7522 | D:8      | Killed Psyche
  7522 | D:8      | Reached skill level 12 in Axes
  7522 | D:8      | Reached skill level 3 in Dodging
  7522 | D:8      | Reached XP level 10. HP: 85/88 MP: 14/14
  8409 | D:9      | Found a burning altar of Makhleb.
  8451 | D:9      | Reached skill level 8 in Fighting
  8451 | D:9      | Reached skill level 7 in Armour
  8479 | D:9      | Reached ** piety under Beogh
  9048 | D:9      | Reached skill level 6 in Invocations
  9345 | D:10     | Entered Level 10 of the Dungeon
  9376 | D:10     | Noticed Gastronok
  9560 | D:10     | Noticed Snorg
  9607 | D:10     | Reached skill level 1 in Evocations
  9910 | D:9      | Reached skill level 13 in Axes
 10075 | D:9      | Reached skill level 4 in Dodging
 10294 | D:11     | Noticed a red ugly thing
 10303 | D:11     | Found a stormy altar of Qazlal.
 10607 | D:11     | Noticed a two-headed ogre
 10615 | D:11     | Killed a two-headed ogre
 10615 | D:11     | Reached skill level 7 in Invocations
 10615 | D:11     | Reached skill level 2 in Evocations
 10615 | D:11     | Reached XP level 11. HP: 46/95 MP: 16/16
 10706 | D:11     | Reached skill level 9 in Fighting
 10808 | D:11     | Found Xistreety's Antique Weapon Shoppe.
 11077 | D:11     | Noticed Fannar
 11096 | D:11     | Killed Fannar
 11096 | D:11     | Reached skill level 8 in Armour
 11519 | D:11     | Noticed a manticore
 11532 | D:11     | Killed a manticore
 11532 | D:11     | Reached skill level 3 in Evocations
 11831 | D:11     | Found a staircase to the Lair.
 11842 | Lair:1   | Entered Level 1 of the Lair of Beasts
 11868 | Lair:1   | Noticed Nergalle
 11876 | Lair:1   | Killed Nergalle
 11876 | Lair:1   | Reached skill level 14 in Axes
 12197 | Lair:1   | Reached skill level 8 in Invocations
 12535 | D:11     | Found Lutam's Food Shop.
 12829 | Lair:1   | Got a steaming plate armour
 12840 | Lair:1   | Identified the +1 plate armour "Juebb" {rN++ MP+9 Str-2
                  | Dex+4} (You found it on level 1 of the Lair of Beasts)
 12868 | Lair:1   | Reached skill level 5 in Dodging
 13102 | Lair:2   | HP: 1/99 [black mamba (12)]
 13414 | Lair:2   | Found a staircase to the Snake Pit.
 13436 | Lair:2   | Noticed a four-headed hydra
 13909 | Lair:2   | Killed a four-headed hydra
 13909 | Lair:2   | Reached skill level 4 in Evocations
 13909 | Lair:2   | Reached XP level 12. HP: 88/106 MP: 18/18
 14368 | D:11     | Found Ryegu's Magic Scroll Emporium.
 14376 | D:11     | Bought a scroll of teleportation for 36 gold pieces
 14376 | D:11     | Bought a scroll of magic mapping for 42 gold pieces
 14376 | D:11     | Bought a scroll of enchant armour for 90 gold pieces
 14376 | D:11     | Bought a scroll of identify for 24 gold pieces
 14376 | D:11     | Bought a scroll of identify for 24 gold pieces
 14376 | D:11     | Bought a scroll of identify for 24 gold pieces
 14376 | D:11     | Bought a scroll of magic mapping for 42 gold pieces
 14415 | D:11     | Found Zuenwu's Jewellery Shop.
 14427 | D:11     | Noticed Erolcha
 14432 | D:11     | Killed Erolcha
 14432 | D:11     | Reached skill level 10 in Fighting
 14432 | D:11     | Reached skill level 1 in Throwing
 14432 | D:11     | Reached skill level 9 in Armour
 14586 | D:11     | Found a staircase to the Orcish Mines.
 14937 | D:10     | Reached skill level 15 in Axes
 15674 | D:11     | Reached skill level 9 in Invocations
 15791 | Orc:1    | Entered Level 1 of the Orcish Mines
 15869 | Orc:1    | You fall into a shaft and drop 1 floor!
 15869 | Orc:2    | Entered Level 2 of the Orcish Mines
 16104 | Orc:1    | Reached skill level 2 in Throwing
 16669 | Orc:1    | Found an iron altar of Okawaru.
 16682 | Orc:1    | Reached skill level 5 in Evocations
 17687 | Orc:2    | Found a roughly hewn altar of Beogh.
 17687 | Orc:2    | Found a staircase to the Elven Halls.
 17704 | Orc:2    | Noticed an orc warlord
 18023 | Orc:2    | Noticed a stone giant
 18336 | Orc:2    | Killed an orc warlord
 18594 | Orc:2    | Reached skill level 3 in Throwing
 18865 | Orc:2    | Found a runed translucent gate.
 18865 | Orc:2    | Found a runed translucent gate.
 18866 | Orc:2    | Found a runed translucent gate.
 18867 | Orc:2    | Noticed louiscrawler's ghost (journeyman GrIE)
 18919 | Orc:2    | Noticed a centaur warrior
 19281 | Orc:2    | Reached skill level 6 in Dodging
 19597 | Orc:2    | Killed a centaur warrior
 19597 | Orc:2    | Reached XP level 13. HP: 83/114 MP: 20/20
 20163 | Orc:2    | Reached skill level 1 in Crossbows
 20163 | Orc:2    | Reached skill level 10 in Invocations
 20881 | Orc:2    | Reached skill level 16 in Axes
 21710 | Orc:2    | Killed a stone giant
 21712 | Orc:2    | Reached skill level 2 in Crossbows
 22753 | Orc:2    | Found Qofodim's Distillery.
 22753 | Orc:2    | Found Utulomym's Armour Shoppe.
 22755 | Orc:2    | Found Kamuch's General Store.
 22757 | Orc:2    | Found Habofios's Magic Scroll Shop.
 22764 | Orc:2    | Bought a scroll of identify for 28 gold pieces
 22769 | Orc:2    | Bought a scroll of identify for 28 gold pieces
 22769 | Orc:2    | Bought a scroll of identify for 28 gold pieces
 22769 | Orc:2    | Bought a scroll of identify for 28 gold pieces
 22769 | Orc:2    | Bought a scroll of teleportation for 42 gold pieces
 22899 | Orc:2    | Bought a +0 pair of gloves of dexterity for 161 gold pieces
 22899 | Orc:2    | Bought the +2 pair of boots "Ypubbofo" {Int+2 Stlth+} for
                  | 399 gold pieces
 22917 | Orc:2    | Bought a potion of might for 68 gold pieces
 22917 | Orc:2    | Bought a potion of might for 68 gold pieces
 23249 | Lair:2   | Reached skill level 11 in Fighting
 23732 | Lair:2   | Reached skill level 10 in Armour
 24096 | Lair:3   | Found a gate leading to a gauntlet.
 24107 | Gauntlet | Entered a Gauntlet
 24107 | Gauntlet | Found a transporter.
 24107 | Gauntlet | Found a transporter.
 24114 | Gauntlet | Found a transporter.
 24132 | Gauntlet | Found a transporter.
 24134 | Gauntlet | Found a large runed translucent door.
 24135 | Gauntlet | Found a large runed translucent door.
 24136 | Gauntlet | Found a large runed translucent door.
 24136 | Gauntlet | Found a large runed translucent door.
 24136 | Gauntlet | Found a runed translucent door.
 24137 | Gauntlet | Found a large runed translucent door.
 24152 | Gauntlet | Found a transporter.
 24168 | Gauntlet | Found a transporter.
 24170 | Gauntlet | Found a large runed translucent door.
 24171 | Gauntlet | Found a large runed translucent door.
 24190 | Gauntlet | Found a transporter.
 24262 | Gauntlet | Found a transporter.
 24281 | Gauntlet | Found a transporter.
 24306 | Gauntlet | Found a transporter.
 24316 | Gauntlet | Found a transporter.
 24340 | Gauntlet | Found a transporter.
 24411 | Gauntlet | Found a transporter.
 24413 | Gauntlet | Found a large runed translucent door.
 24414 | Gauntlet | Found a large runed translucent door.
 24415 | Gauntlet | Found a large runed translucent door.
 24415 | Gauntlet | Found a large runed translucent door.
 24415 | Gauntlet | Found a runed translucent door.
 24416 | Gauntlet | Found a large runed translucent door.
 24420 | Gauntlet | Found a large runed translucent door.
 24420 | Gauntlet | Found a large runed translucent door.
 24421 | Gauntlet | Found a large runed translucent door.
 24423 | Gauntlet | Found a runed translucent gate.
 24426 | Gauntlet | Found a transporter.
 24426 | Gauntlet | Found a runed translucent gate.
 24426 | Gauntlet | Found a transporter.
 24427 | Gauntlet | Found a runed translucent gate.
 24428 | Gauntlet | Found the brooch of Shielding {Reflect SH+8}
 24435 | Gauntlet | Found a transporter.
 24462 | Gauntlet | Found a large runed translucent door.
 24647 | Gauntlet | Reached skill level 3 in Crossbows
 24675 | Gauntlet | Got a vibrating lead ring
 24679 | Gauntlet | Identified the ring of Tefyxaill {rElec rN+ MR- Slay+6}
                  | (You found it in a Gauntlet)
 24844 | Gauntlet | Identified the +7 spear "Tuvu" {freeze, rC+ MR+ Str+4}
 24844 | Gauntlet | Noticed a minotaur
 24858 | Gauntlet | Killed a minotaur
 24874 | Gauntlet | Identified the Handbook of Damaging Augmentations
 25107 | Lair:3   | Reached *** piety under Beogh
 25483 | Lair:3   | Reached skill level 4 in Crossbows
 25644 | Lair:3   | Reached **** piety under Beogh
 26052 | Lair:4   | Identified a scroll of acquirement
 26190 | Lair:4   | Reached XP level 14. HP: 119/124 MP: 18/22
 26559 | Lair:4   | Reached skill level 17 in Axes
 26559 | Lair:4   | Reached skill level 11 in Invocations
 26702 | Lair:4   | Found a staircase to the Swamp.
 27042 | Lair:5   | Found a transporter.
 27044 | Lair:5   | Found a transporter.
 27045 | Lair:5   | Noticed Flugslaktarn's ghost (journeyman DDFi)
 27083 | Lair:5   | Gained Berold as an ally
 27313 | Lair:5   | Found a staircase to the Slime Pits.
 27418 | Lair:5   | Reached skill level 6 in Evocations
 27738 | Lair:6   | Entered Level 6 of the Lair of Beasts
 27795 | Lair:6   | Reached skill level 7 in Dodging
 27796 | Lair:6   | Reached skill level 5 in Crossbows
 28064 | Lair:6   | Reached ***** piety under Beogh
 28384 | Lair:6   | Found a glowing golden altar of the Shining One.
 28688 | Lair:6   | Reached skill level 12 in Fighting
 28706 | Lair:6   | Reached skill level 6 in Crossbows
 29041 | Lair:6   | Reached skill level 11 in Armour
 30173 | D:10     | Killed Gastronok
 30396 | D:10     | Killed Snorg
 30396 | D:10     | Reached XP level 15. HP: 82/133 MP: 23/23
 30482 | Orc:2    | Bought a potion of curing for 51 gold pieces
 30482 | Orc:2    | Bought a potion of curing for 51 gold pieces
 30482 | Orc:2    | Bought a potion of cancellation for 136 gold pieces
 30482 | Orc:2    | Bought 2 potions of curing for 102 gold pieces
 30482 | Orc:2    | Bought a potion of curing for 51 gold pieces
 30482 | Orc:2    | Bought 2 potions of stabbing for 136 gold pieces
 30482 | Orc:2    | Bought a potion of flight for 51 gold pieces
 30484 | Orc:2    | Bought a scroll of torment for 105 gold pieces
 30484 | Orc:2    | Bought a scroll of enchant armour for 105 gold pieces
 30484 | Orc:2    | Bought 3 scrolls of identify for 84 gold pieces
 30484 | Orc:2    | Bought a scroll of brand weapon for 280 gold pieces
 30484 | Orc:2    | Bought a scroll of enchant weapon for 105 gold pieces
 30489 | Orc:2    | Bought a scroll of enchant weapon for 105 gold pieces
 30557 | D:11     | Bought an ancient hand axe for 176 gold pieces
 30557 | D:11     | Bought a glowing war axe for 143 gold pieces
 30560 | D:11     | Identified the +6 hand axe "Jeephysk" {vamp, Dex+2} (You
                  | bought it in a shop on level 11 of the Dungeon)
 30785 | D:12     | Identified the +8 scale mail of Dithmenos's Hope {rPois
                  | Str+9} (You found it on level 12 of the Dungeon)
 30864 | D:12     | Reached skill level 18 in Axes
 30954 | D:12     | Found Noeduthegh's Assorted Antiques.
 30980 | D:12     | Bought a scroll of teleportation for 57 gold pieces
 30980 | D:12     | Bought 2 scrolls of blinking for 285 gold pieces
 30980 | D:12     | Bought a scroll of fear for 66 gold pieces
 30980 | D:12     | Bought a runed battleaxe for 180 gold pieces
 30980 | D:12     | Bought a potion of invisibility for 152 gold pieces
 31176 | D:12     | Reached skill level 7 in Crossbows
 31264 | D:12     | Learned a level 2 spell: Swiftness
 31320 | D:13     | Reached skill level 12 in Invocations
 31382 | D:13     | Identified the ring of Geifited {+Inv rPois MR+ SInv
                  | Stlth+} (You acquired it on level 13 of the Dungeon)
 31382 | D:13     | Identified the +9 plate armour of Fadegai {Int+4} (You
                  | acquired it on level 13 of the Dungeon)
 31671 | D:13     | Found a gate to the Vaults.
 32394 | D:14     | Found an ancient bone altar of Kikubaaqudgha.
 32535 | D:15     | Entered Level 15 of the Dungeon
 32544 | D:15     | Gained Ortolf as an ally
 32643 | D:15     | Identified Roxanne's Guide on Stones
 32643 | D:15     | Noticed Roxanne
 32655 | D:15     | Reached skill level 8 in Dodging
 32667 | D:15     | Reached ****** piety under Beogh
 32670 | D:15     | Reached skill level 8 in Crossbows
 32735 | D:15     | Your ally Ortolf died
 32914 | D:15     | Found a burning altar of Makhleb.
 32924 | D:15     | Gained Orkrul as an ally
 33035 | D:15     | Found a staircase to the Depths.
 33626 | Snake:1  | Entered Level 1 of the Snake Pit
 33626 | Snake:1  | Noticed Nikola
 33652 | Snake:1  | Killed Nikola
 33652 | Snake:1  | Reached skill level 13 in Fighting
 33652 | Snake:1  | Reached skill level 19 in Axes
 33652 | Snake:1  | Reached XP level 16. HP: 38/143 MP: 9/25
 33798 | Snake:1  | Found a frozen archway.
 33807 | IceCv    | Entered an ice cave
 34704 | IceCv    | Reached skill level 12 in Armour
 34802 | IceCv    | Reached skill level 9 in Crossbows
 34934 | IceCv    | Reached skill level 13 in Invocations
 35128 | IceCv    | Noticed an Ice Fiend
 35310 | IceCv    | Killed an Ice Fiend
 35369 | IceCv    | Got a sapphire hand axe
 35370 | IceCv    | Identified the cursed +1 hand axe "Teohucit" {holy, +Inv
                  | rF+ Str+3 Dex-5} (You found it in an ice cave)
 36878 | Snake:2  | Found Ecemybri's Food Emporium.
 36882 | Snake:2  | Found Giawum's Gadget Shoppe.
 36883 | Snake:2  | Found Qiucw's Assorted Antiques.
 36890 | Snake:2  | Bought a tapered bronze wand for 128 gold pieces
 36890 | Snake:2  | Bought a scroll of identify for 64 gold pieces
 36890 | Snake:2  | Bought a potion of heal wounds for 160 gold pieces
 36890 | Snake:2  | Bought a scroll of teleportation for 96 gold pieces
 37174 | Snake:2  | Found Maov's General Store.
 37994 | Snake:3  | Gained Margrim as an ally
 38163 | Snake:3  | Noticed a nagaraja
 38171 | Snake:3  | Killed a nagaraja
 38171 | Snake:3  | Reached skill level 10 in Crossbows
 38744 | Snake:3  | Noticed a nagaraja
 38754 | Snake:3  | Killed a nagaraja
 38754 | Snake:3  | Reached skill level 9 in Dodging
 38754 | Snake:3  | Reached XP level 17. HP: 144/151 MP: 27/27
 38835 | Snake:3  | Noticed Vashnia
 38837 | Snake:3  | Reached skill level 20 in Axes
 39318 | Snake:3  | Killed Vashnia
 39318 | Snake:3  | HP: 6/151 [naga sharpshooter/bolt[Vashnia] (20)]
 39928 | Snake:3  | Noticed Azrael
 39942 | Snake:3  | Killed Azrael
 40313 | Snake:3  | Reached skill level 14 in Invocations
 40371 | Snake:3  | Reached skill level 14 in Fighting
 40548 | Snake:3  | Gained Dorog as an ally
 40548 | Snake:3  | Gained Thorok as an ally
 41130 | Snake:3  | Reached skill level 11 in Crossbows
 41135 | Snake:3  | Reached skill level 13 in Armour
 41734 | Snake:4  | Entered Level 4 of the Snake Pit
 42244 | Snake:4  | Gained Jorge as an ally
 43040 | Snake:4  | Reached XP level 18. HP: 139/161 MP: 28/28
 43600 | Snake:4  | Gained Rocco as an ally
 43634 | Snake:4  | Reached skill level 10 in Dodging
 43688 | Snake:4  | Reached skill level 12 in Crossbows
 44166 | Snake:4  | Reached skill level 15 in Invocations
 45353 | Snake:4  | Reached skill level 15 in Fighting
 45667 | Snake:4  | Got a serpentine rune of Zot
 45997 | Lair:3   | Identified the +4 ring mail "Plog" {+Blink +Fly rElec rC+}
                  | (You found it on level 3 of the Lair of Beasts)
 46183 | Swamp:1  | Entered Level 1 of the Swamp
 46211 | Swamp:1  | Found a transporter.
 46237 | Swamp:1  | Noticed erdraug's ghost (adept KoAr)
 46258 | Swamp:1  | Found a transporter.
 46287 | Swamp:1  | Gained Worak as an ally
 46347 | Swamp:1  | Reached skill level 14 in Armour
 46350 | Swamp:1  | Reached skill level 3 in Charms
 46833 | Swamp:2  | Your ally Worak died
 47271 | Swamp:2  | Noticed Donald
 47278 | Swamp:2  | Killed Donald
 47831 | Swamp:3  | Reached XP level 19. HP: 149/170 MP: 30/30
 48087 | Swamp:3  | Reached skill level 13 in Crossbows
 48558 | Swamp:4  | Entered Level 4 of the Swamp
 48909 | Swamp:4  | Reached skill level 4 in Charms
 49284 | Swamp:4  | Noticed the 27-headed Lernaean hydra
 49318 | Swamp:4  | Killed the 27-headed Lernaean hydra
 49500 | Swamp:4  | Got a decaying rune of Zot
 49571 | Swamp:4  | Paralysed by a hornet for 1 turns
 49665 | Swamp:4  | Identified the amulet of Tabeorch {RegenMP rElec rPois rC-
                  | Stlth+} (You found it on level 4 of the Swamp)
 50132 | Lair:5   | Killed Flugslaktarn's ghost
 50177 | Lair:5   | Identified the +1 robe "Afetulur" {rF- rC+ Dex+3} (You
                  | found it on level 5 of the Lair of Beasts)
 50334 | Elf:1    | Entered Level 1 of the Elven Halls
 50506 | Elf:1    | Reached skill level 16 in Invocations
 50507 | Elf:1    | Reached skill level 7 in Evocations
 51068 | Elf:1    | Found Heub Taps's Antique Armour Boutique.
 51078 | Elf:1    | Bought a diamond-encrusted chain mail for 294 gold pieces
 51078 | Elf:1    | Identified the cursed +0 chain mail of Unwez {MR+ Str+3}
                  | (You bought it in a shop on level 1 of the Elven Halls)
 51185 | Elf:1    | Identified the +4 quarterstaff of the Valley of Death
                  | {pain, *Noise rF+ Str+2 Int+5}
 51747 | Elf:1    | Reached skill level 5 in Charms
 51787 | Elf:1    | Identified the Disquisition on Necromancy
 52165 | Elf:2    | Reached skill level 11 in Dodging
 52189 | Elf:2    | Found Inuloaff's Antique Weapon Shop.
 52227 | Elf:2    | Found Ilafikk's Gadget Emporium.
 52243 | Elf:2    | Found Wiqofaq's Jewellery Shop.
 52247 | Elf:2    | Found Jigupros's Gadget Emporium.
 52407 | Elf:2    | Reached XP level 20. HP: 104/180 MP: 32/32
 52574 | Elf:2    | Found a huge runed translucent gate.
 52574 | Elf:2    | Found a huge runed translucent gate.
 52574 | Elf:2    | Found a huge runed translucent gate.
 52574 | Elf:2    | Found a huge runed translucent gate.
 52576 | Elf:2    | Found a huge runed translucent gate.
 52874 | Elf:2    | Reached skill level 14 in Crossbows
 53029 | Elf:2    | Reached skill level 16 in Fighting
 53865 | Elf:3    | Entered Level 3 of the Elven Halls
 53957 | Elf:3    | Gained Orkwin as an ally
 54150 | Elf:3    | Reached skill level 8 in Evocations
 54458 | Elf:3    | Reached skill level 15 in Armour
 54807 | Elf:3    | Identified the +4 tower shield "Fadept" {*Drain +Fly SInv
                  | Stlth+}
 54807 | Elf:3    | Noticed Louise
 54824 | Elf:3    | Killed Louise
 55046 | Elf:3    | Reached skill level 6 in Charms
 55058 | Elf:3    | Cast into level 2 of the Abyss (a deep elf demonologist)
 55148 | Abyss:3  | Found a corrupted altar of Lugonu.
 55195 | Abyss:3  | Found a corrupted altar of Lugonu.
 55212 | Abyss:3  | Found a corrupted altar of Lugonu.
 55703 | Elf:3    | Escaped the Abyss
 55935 | Elf:3    | Identified the +7 spear "Qiywi" {vorpal, rC+ Stlth+}
 56610 | Elf:3    | Identified the ring of the Heron {rC+++ MP+9 Str-4 Dex+5
                  | Stlth+}
 57260 | Elf:3    | Identified the +1 ring mail of Joy {*Drain rElec Dex+6
                  | Stlth+}
 57272 | Elf:3    | Reached XP level 21. HP: 156/189 MP: 33/33
 57404 | Elf:3    | Identified the ring of Secrets {rC- rN+ Str+8 Int+2 Slay-5}
 57413 | Elf:3    | Identified the +1 robe "Xeuffyaf" {rPois rC+ Str+3}
 57428 | Elf:3    | Reached skill level 17 in Invocations
 58148 | Vaults:1 | Entered Level 1 of the Vaults
 58423 | Vaults:1 | Reached skill level 15 in Crossbows
 58891 | Vaults:1 | Reached skill level 9 in Evocations
 59193 | Vaults:1 | Gained Orkrul as an ally
 59366 | Vaults:1 | Reached skill level 12 in Dodging
 59534 | Vaults:1 | Gained Geork as an ally
 60497 | Vaults:2 | Identified the Grimoire of Flight
 60758 | Vaults:2 | Found a portal to a secret trove of treasure.
 60790 | Vaults:2 | Reached skill level 17 in Fighting
 61492 | Vaults:2 | Found a staircase to the Crypt.
 62105 | Vaults:2 | Reached XP level 22. HP: 192/199 MP: 27/34
 62710 | Vaults:3 | Found Cutasch's Magic Scroll Shoppe.
 62715 | Vaults:3 | Bought a scroll of summoning for 218 gold pieces
 62715 | Vaults:3 | Bought a scroll of identify for 46 gold pieces
 62715 | Vaults:3 | Bought a scroll of identify for 46 gold pieces
 62715 | Vaults:3 | Bought a scroll of identify for 46 gold pieces
 62715 | Vaults:3 | Bought a scroll of identify for 46 gold pieces
 62715 | Vaults:3 | Bought a scroll of fog for 46 gold pieces
 62868 | Vaults:3 | Found Goeh's Armour Boutique.
 62868 | Vaults:3 | Found Obigumni's Book Shoppe.
 62886 | Vaults:3 | Found Quamiece's Assorted Antiques.
 62893 | Vaults:3 | Bought a faintly glowing plate armour for 1120 gold pieces
 62893 | Vaults:3 | Bought a potion of curing for 120 gold pieces
 62893 | Vaults:3 | Bought a scroll of fog for 80 gold pieces
 62893 | Vaults:3 | Identified the cursed +1 plate armour "Kobuot" {rF++ Int+4}
                  | (You bought it in a shop on level 3 of the Vaults)
 63137 | Vaults:3 | Gained Brunolf as an ally
 63149 | Vaults:3 | Reached skill level 21 in Axes
 63241 | Vaults:3 | Found Isoiwaol's Antique Armour Shoppe.
 63246 | Vaults:3 | Bought an ichor-stained helmet for 237 gold pieces
 63246 | Vaults:3 | Identified the cursed +0 helmet "Anay" {+Inv rC+ Str+2
                  | Int-4} (You bought it in a shop on level 3 of the Vaults)
 63502 | Vaults:3 | Reached skill level 16 in Armour
 63502 | Vaults:3 | Reached skill level 10 in Evocations
 63511 | Vaults:3 | Your ally Brunolf died
 63512 | Vaults:3 | Gained Zorug as an ally
 63535 | Vaults:3 | Found Seas's Gadget Shoppe.
 63899 | Vaults:4 | Reached skill level 16 in Crossbows
 63989 | Vaults:4 | Found a flickering gateway to a bazaar.
 63999 | Vaults:4 | Reached skill level 13 in Dodging
 64034 | Bazaar   | Entered a bazaar
 64034 | Bazaar   | Found Tutt's Antique Weapon Emporium.
 64034 | Bazaar   | Found Kagirib's Gadget Emporium.
 64052 | Bazaar   | Found Sabisk's Antique Armour Boutique.
 64063 | Bazaar   | Found Kyiptaowk's General Store.
 64083 | Bazaar   | Found Xuwaedoe's Distillery.
 64091 | Bazaar   | Bought 2 potions of might for 136 gold pieces
 64132 | Vaults:4 | Reached skill level 18 in Invocations
 64821 | Vaults:4 | Gained Gorm as an ally
 64832 | Vaults:4 | Identified the +5 arbalest of the Spinneret {elec, rN+
                  | Str+3 Stlth+} (You found it on level 4 of the Vaults)
 65229 | Vaults:4 | Your ally Gorm died
 65563 | Vaults:4 | Gained Margrim as an ally
 65566 | Vaults:4 | Your ally Margrim died
 66425 | D:15     | Killed Roxanne
 66488 | Depths:1 | Entered Level 1 of the Depths
 66535 | Depths:1 | Found a runed translucent door.
 66536 | Depths:1 | Noticed EnegeticOcto's ghost (adept DDFi)
 66579 | Depths:1 | Gained Gorg as an ally
 66598 | Depths:1 | Your ally Gorg died
 66901 | Depths:1 | Reached XP level 23. HP: 207/207 MP: 36/36
 67033 | Depths:1 | Killed EnegeticOcto's ghost
 67132 | Depths:1 | HP: 3/209 [yaktaur/bolt (15)]
 67939 | Depths:1 | Found a gateway to Hell.
 68519 | Depths:2 | Found a one-way gate to the infinite horrors of the Abyss.
 68549 | Depths:2 | Gained Wargrak as an ally
 68789 | Depths:2 | Reached skill level 18 in Fighting
 68803 | Depths:2 | Gained Boderik as an ally
 68946 | Depths:2 | Found a transporter.
 68948 | Depths:2 | Found a transporter.
 69063 | Depths:2 | Noticed Saint Roka
 69093 | Depths:2 | Your ally Boderik died
 69101 | Depths:2 | Killed Saint Roka
 69404 | Depths:2 | Found Biraf's Antique Armour Emporium.
 69419 | Depths:2 | Reached skill level 14 in Dodging
 69931 | Depths:2 | Gained Bogbarth as an ally
 69940 | Depths:2 | Reached skill level 17 in Crossbows
 69970 | Depths:2 | Got a scintillating platinum ring
 69971 | Depths:2 | Identified the ring "Naise" {+Fly Str+2} (You found it on
                  | level 2 of the Depths)
 70160 | Depths:3 | Noticed Frederick
 70172 | Depths:3 | Killed Frederick
 70549 | Depths:3 | Gained Wargrak as an ally
 70626 | Depths:3 | HP: 10/209 [iron troll (9)]
 71094 | Depths:3 | Your ally Wargrak died
 71120 | Depths:3 | Reached skill level 17 in Armour
 71292 | Depths:3 | Reached skill level 19 in Invocations
 71371 | Depths:3 | Found a one-way gate leading to the halls of Pandemonium.
 71455 | Depths:3 | Noticed the Enchantress
 71737 | Depths:3 | Killed the Enchantress
 71807 | Depths:3 | Reached skill level 22 in Axes
 71818 | Depths:3 | Reached XP level 24. HP: 113/218 MP: 36/36
 72548 | Depths:3 | Gained Brandogh as an ally
 73137 | Slime:1  | Entered Level 1 of the Pits of Slime
 73633 | Slime:5  | Entered Level 5 of the Pits of Slime
 73697 | Slime:5  | Gained mutation: You are clumsy. (Dex -2) [a shining eye]
 73698 | Slime:5  | Gained mutation: Your spells are a little easier to cast,
                  | but a little less powerful. [a shining eye]
 73735 | Slime:5  | Learned a level 2 spell: Blink
 73738 | Slime:5  | Learned a level 2 spell: Passwall
 73743 | Slime:5  | Learned a level 4 spell: Passage of Golubria
 73751 | Slime:5  | Found a viscous altar of Jiyva.
 73752 | Slime:5  | Noticed the Royal Jelly
 73830 | Slime:5  | Killed the Royal Jelly
 73842 | Slime:5  | Reached skill level 15 in Dodging
 73842 | Slime:5  | Reached skill level 20 in Invocations
 73865 | Slime:5  | Identified the cursed +1 crystal plate armour of the Fiddle
                  | {SInv} (You found it on level 5 of the Pits of Slime)
 73922 | Slime:5  | Identified Tiwunok's Disquisition on the Poisonous Rocks
 73958 | Slime:5  | Identified the Catalogue of Transformation
 74002 | Slime:5  | Got a slimy rune of Zot
 74003 | Slime:5  | Identified the Tome of Weightlessness and Earth
 74034 | Slime:5  | Identified the +7 battleaxe "Starlight" {vorpal, +Inv
                  | Stlth+} (You acquired it on level 5 of the Pits of Slime)
 74403 | Crypt:1  | Entered Level 1 of the Crypt
 75158 | Vaults:3 | Bought a glowing helmet for 187 gold pieces
 75175 | Vaults:3 | Bought a shiny helmet for 187 gold pieces
 75191 | Vaults:3 | Bought a runed cloak for 187 gold pieces
 75423 | Crypt:1  | Your ally Zorug died
 75438 | Crypt:1  | Reached skill level 18 in Crossbows
 76185 | Crypt:2  | Noticed Margery
 76205 | Crypt:2  | Killed Margery
 76209 | Crypt:2  | Reached XP level 25. HP: 153/226 MP: 37/37
 76421 | Crypt:2  | Reached skill level 19 in Fighting
 76488 | Crypt:2  | Gained Garbold as an ally
 76488 | Crypt:2  | Gained Spirok as an ally
 76488 | Crypt:2  | Your ally Spirok died
 76496 | Crypt:2  | Gained Syrus as an ally
 76501 | Crypt:2  | Gained Bogrim as an ally
 76528 | Crypt:2  | Your ally Garbold died
 76669 | Crypt:3  | Entered Level 3 of the Crypt
 76669 | Crypt:3  | Found a staircase to the Tomb.
 77618 | Crypt:3  | Reached skill level 1 in Translocations
 77780 | Crypt:3  | Noticed an ancient lich
 77781 | Crypt:3  | Noticed an ancient lich
 77781 | Crypt:3  | Noticed an ancient lich
 77840 | Crypt:3  | Killed an ancient lich
 77840 | Crypt:3  | Reached skill level 21 in Invocations
 77853 | Crypt:3  | Killed an ancient lich
 77872 | Crypt:3  | Killed an ancient lich
 77971 | Crypt:3  | Identified Pibigude's Guide on Necromancy
 77981 | Crypt:3  | Identified the cursed +1 ring mail of the Orb Guardian
                  | {rN+} (You found it on level 3 of the Crypt)
 77985 | Crypt:3  | Identified the cursed +2 halberd of Rehogript {antimagic,
                  | rC- Int+7} (You found it on level 3 of the Crypt)
 78311 | Vaults:5 | Entered Level 5 of the Vaults
 78324 | Vaults:4 | Reached skill level 2 in Translocations
 78530 | Vaults:4 | Reached skill level 18 in Armour
 79153 | Vaults:4 | Annihilated by a titan

Levels and vault maps discovered:
D:1:      ncdulo_wetmaze, layout_basic, palyth_stone_intersect,
          minmay_pentomino_v4
D:2:      layout_loops_ring, fiery_altar_vehumet, minmay_rat_hole
D:3:      layout_basic, dancing_weapons_uskayaw, first_ration,
          cheibrodos_sewer_entry_bend, nicolae_gozag_seed_capital
D:4:      layout_rooms, minitemple
D:5:      layout_cave_pods, kennysheep_mini_moat
D:6:      layout_basic, bloody_trog, minmay_temple_entry_butterflies,
          uniq_duvessa, uniq_edmund
D:7:      layout_gridville, lemuel_crystal_altar, marbit_many_paths,
          lemuel_crystal_altar, the_bakery
D:8:      layout_loops_ring, uniq_psyche
D:9:      layout_roguey, nicolae_overflow_crystal_walls, unseen_surprise_small
D:10:     layout_long_grid, chequers_garden, uniq_snorg, uniq_gastronok
D:11:     layout_irregular_city, erik_lair_island,
          kennysheep_orc_monster_closet_entryway, basic_altar, serial_shops,
          shop, nicolae_shop_crystal, kennysheep_mini, shop,
          minmay_misc_feat_hallway, uniq_fannar, uniq_erolcha
D:12:     layout_roguey, serial_shops, shop_coins
D:13:     layout_loops_ring, lightli_vaults_fourway_checkpoint
D:14:     layout_basic, basic_altar
D:15:     grunt_enter_depths_snipers, layout_basic, nicolae_sextant,
          basic_altar, uniq_roxanne
Temple:   jpeg_temple_island
Lair:1:   layout_misc_corridors, lemuel_fruit_tree, uniq_nergalle
Lair:2:   layout_loops_ring, minmay_snake_entry_spellcaster,
          chequers_serial_rivers_micro_d, minmay_shattered_shrine,
          serial_bayou_shore_a
Lair:3:   lemuel_slime, layout_chaotic_city, gauntlet_entry_generic,
          minmay_lair_oklob_chamber, lemuel_fruit_fields, grunt_megastairs_3,
          serial_bayou_shore_b, serial_bayou_shore_b
Lair:4:   layout_roguey, nicolae_swamp_entry_splash_gauntlet,
          beast_lair_carwin_8, infiniplex_staircase_pool
Lair:5:   layout_gridlike, nicolae_slime_entry_slimehenge, gammafunk_ghost_hive
Lair:6:   minmay_lair_end_enchanted_forest, layout_loops_ring, basic_altar,
          grunt_megastairs_1
Swamp:1:  layout_basic_swamp, gammafunk_ghost_arena, evilmike_swamp_ruin_house_2
Swamp:2:  layout_basic_swamp, evilmike_swamp_ruin_house_3, uniq_donald
Swamp:3:  layout_basic_swamp, nicolae_swamp_fairy_circle
Swamp:4:  grunt_swamp_rune_castle, layout_basic_swamp
Snake:1:  layout_grid_maze, portal_ice_cave_entry_pillars_1, uniq_nikola
Snake:2:  layout_gridlike, serial_corexii_hall, corexii_hall_statues_deadend,
          corexii_hall_statues_x, corexii_hall_statues_s,
          corexii_hall_statues_l, corexii_hall_statues_l,
          chequers_hall_statues_corner_a, serial_shops, shop, minmay_shop_star
Snake:3:  nicolae_snake_hallway, layout_onion_interference, serial_bayou_pond_a,
          grunt_ministairs_7, st_stairs_1, uniq_vashnia, uniq_azrael
Snake:4:  grunt_snake_rune_serpentine_throne, layout_cave_town,
          serial_bayou_lagoon_a, drop_trap, serial_bayou_pond_a,
          nicolae_snake_lava_pool
Slime:1:  layout_caves
Slime:2:  layout_caves
Slime:3:  layout_caves
Slime:4:  layout_caves
Slime:5
Orc:1:    layout_caves, okawaru_metal_pillars_1_2
Orc:2:    st_orc_rangers, layout_diamond_mine, basic_altar,
          ebering_ghost_rock_garden
Elf:1:    layout_loops_corners, serial_shops, shop_statue,
          minmay_elf_necromancy, roderic_nine_men_s_morris
Elf:2:    layout_geoelf_diagonals, serial_shops, nicolae_shop_behind_doors,
          einodemon_armed_red_devil_minivault, minmay_shop_grove
Elf:3:    minmay_elf_hall_furrowed, layout_loops_cross, uniq_louise
Vaults:1: v_misc_33, vaults_mumra_hex, vaults_standard_mumra_enter_the_diamond,
          nicolae_vaults_holding_cells, ontoclasm_vaults_pinch,
          vaults_mumra_lcd, v_misc_32, v_misc_4, nicolae_vaults_network_barrier,
          nicolae_vaults_little_squares_6, hangedman_vaults_stretched_pinwheel,
          vaults_room_pool, ontoclasm_vaults_hangar,
          nicolae_vaults_diagonal_hallway_7, layout_vaults_omnibox
Vaults:2: vaults_room_door_ring, v_pattern_5,
          vaults_standard_mumra_enter_the_diamond, nicolae_vaults_little_ls,
          minmay_crypt_entry_simple_walls, vaults_room_hangedman_quadrants,
          layout_vaults_quadrants, nicolae_trove_entry_crystal
Vaults:3: ontoclasm_vaults_fault, grunt_vaults_funnel, ontoclasm_vaults_hangar,
          vaults_dpeg_cross, hangedman_vaults_stitches, vaults_room_door_hall,
          hangedman_vaults_unwind, nicolae_vaults_network_periphery, st_cross,
          nicolae_vaults_asterisk, vaults_room_mumra_shop_pool,
          layout_vaults_ring, serial_shops, shop_fountains, shop, shop, shop,
          shop_statue
Vaults:4: nicolae_vaults_inception_corners, v_pattern_2, v_misc_18,
          vaults_room_glass_cross, vaults_dpeg_spiral,
          ontoclasm_vaults_claustrophobia, vaults_standard_mumra_x,
          hangedman_vaults_impose, v_misc_9, v_alt_pattern_6,
          nicolae_vaults_angled_halls, vaults_room_grid, layout_vaults_maze,
          serial_shops, bzr_entry_customers
Vaults:5: uniq_sojobo, uniq_mennas
Crypt:1:  layout_chaotic_city, grunt_crypt_arrival_webbed, grunt_megastairs_4
Crypt:2:  layout_basic, uniq_margery
Crypt:3:  david_glass_crypt, layout_misc_corridors, small_statue_intersection
Depths:1: layout_cave_pools, grunt_metal_band, gammafunk_ghost_grave,
          chequers_serial_rivers_large_a, hangedman_eye_storm
Depths:2: gammafunk_jiyva_shrine, layout_cave_pools,
          infiniplex_staircase_pool_lava, serial_shops,
          nicolae_shop_statue_plus, abyss_entry, hell_entry, uniq_saint_roka
Depths:3: hangedman_arch_fort, layout_gridville, abyss_entry,
          pf_hell_entry_great_geh, rand_demon_pan_entry_8, uniq_enchantress,
          uniq_frederick

Skill      XL: |  1  2  3  4  5  6  7  8  9 10 11 12 13 14 15 16 17 18 19 20 21 22 23 24 25 |
---------------+----------------------------------------------------------------------------+-----
Axes           | 3 4 5 6 7 9 10 12 13 14 15 16 17 19 20 21 22 | 22.9
Fighting       | 3 4 5 6 7 8 9 10 11 12 13 14 15 16 17 18 19 | 19.3
Armour         | 2 3 4 5 6 7 8 9 10 11 12 13 14 15 16 17 18 | 18.0
Invocations    | 3 5 7 8 9 10 11 12 13 14 15 16 17 18 19 20 21 | 21.3
Dodging        | 3 4 5 6 7 8 9 10 11 12 13 14 15 | 15.8
Evocations     | 2 4 5 6 7 8 9 10 | 10.0
Throwing       | 3 |  3.3
Crossbows      | 4 6 8 10 11 12 13 14 15 16 17 18 | 18.7
Charms         | 3 5 6 |  6.0
Translocations | 2 |  2.5
Spellcasting   | |  1.5

Action                   |  1- 3 |  4- 6 |  7- 9 | 10-12 | 13-15 | 16-18 | 19-21 | 22-24 | 25-27 || total
-------------------------+-------+-------+-------+-------+-------+-------+-------+-------+-------++-------
Melee: Hand axe          |   120 |   265 |    57 |   329 |    60 |       |       |       |       ||   831
       War axe           |       |       |    92 |       |       |       |       |       |       ||    92
       Battleaxe         |       |       |   153 |   422 |   239 |   635 |   875 |   870 |    73 ||  3267
       Broad axe         |       |       |       |   157 |   874 |       |       |       |       ||  1031
       Spear             |       |       |       |       |    23 |    35 |    44 |       |       ||   102
 Fire: Arbalest          |       |       |       |       |    14 |   712 |   570 |   501 |   238 ||  2035
       Triple crossbow   |       |       |       |       |     2 |       |       |       |       ||     2
Throw: Boomerang         |       |       |       |    10 |     8 |       |       |       |       ||    18
       Dart              |       |       |       |     2 |     6 |     3 |     1 |       |       ||    12
 Cast: Infusion          |     2 |       |       |       |       |       |       |       |       ||     2
       Blink             |       |       |       |       |       |       |       |       |     1 ||     1
Invok: Convert to Beogh  |       |       |     1 |       |       |       |       |       |       ||     1
       Smiting           |       |       |       |    29 |    16 |     9 |     9 |    23 |     1 ||    87
       Recall Orcish Fol |       |       |       |       |     1 |       |       |       |       ||     1
 Abil: Evoke Invisibilit |       |       |       |       |     1 |     5 |     6 |       |       ||    12
Evoke: Wand              |       |       |     8 |    35 |     2 |     8 |     8 |     6 |     2 ||    69
       Sack of spiders   |       |       |       |     1 |       |       |       |       |       ||     1
       Phantom mirror    |       |       |       |       |     1 |       |       |       |       ||     1
       Tin of tremorston |       |       |       |       |       |       |     1 |       |       ||     1
       Lightning rod     |       |       |       |       |       |       |     4 |     4 |       ||     8
       Fan of gales      |       |       |       |       |       |       |     1 |     1 |       ||     2
  Use: Scroll            |     2 |     3 |     7 |    13 |    17 |    10 |    12 |    25 |     3 ||    92
       Potion            |       |     3 |     1 |     7 |     6 |     1 |       |     2 |       ||    20
 Stab: Paralysed         |       |       |    10 |     2 |       |       |       |       |       ||    12
       Sleeping          |       |       |       |    17 |       |     2 |     7 |     7 |       ||    33
       Confused          |       |       |       |       |     2 |     1 |     1 |       |       ||     4
       Distracted        |       |       |       |       |    10 |     4 |     1 |     9 |       ||    24
       Invisible         |       |       |       |       |     2 |     9 |     4 |       |       ||    15
  Eat: Chunk             |     1 |     8 |    12 |    18 |    25 |    20 |    37 |    26 |       ||   147
       Ration            |       |       |     1 |     7 |     6 |     8 |     3 |     6 |     2 ||    33
Armor: Ring mail         |    44 |    23 |       |       |       |       |       |       |       ||    67
       Leather armour    |     5 |       |       |       |       |       |       |       |       ||     5
       Scale mail        |       |    52 |       |       |    83 |       |       |       |       ||   135
       Chain mail        |       |    35 |   170 |   253 |       |       |       |       |       ||   458
       Plate armour      |       |       |       |   275 |   129 |       |       |       |       ||   404
       Quicksilver drago |       |       |       |       |   230 |   335 |   302 |   249 |       ||  1116
       Acid dragon scale |       |       |       |       |       |       |       |    82 |    75 ||   157
Dodge: Dodged            |    75 |    89 |    94 |   371 |   524 |   478 |   546 |   641 |   132 ||  2950
Block: Buckler           |       |    25 |    20 |       |       |       |       |       |       ||    45
       Other             |       |       |       |       |   308 |   291 |   303 |   310 |    59 ||  1271
       Reflection        |       |       |       |       |    16 |    32 |    33 |    25 |     1 ||   107

Table legend:
 A = Non-vault XP
 B = Vault XP
 C = Vault XP percentage of total XP
 D = Non-vault monster count
 E = Vault monster count
 F = Vault count percentage of total count
                 A         B        C        D         E       F
            +---------+---------+-------+---------+---------+-------
      Total |  597641 |  481881 |  44.6 |    1304 |     745 |  36.4
            +---------+---------+-------+---------+---------+-------
        D:1 |      50 |       7 |  12.3 |      27 |       4 |  12.9
        D:2 |      40 |      20 |  33.3 |      15 |      19 |  55.9
        D:3 |     110 |       5 |   4.3 |      23 |       1 |   4.2
        D:4 |     177 |       0 |   0.0 |      13 |       0 |   0.0
        D:5 |     163 |       0 |   0.0 |       4 |       0 |   0.0
        D:6 |     397 |     389 |  49.5 |      12 |       3 |  20.0
        D:7 |    1203 |    1088 |  47.5 |      19 |       2 |   9.5
        D:8 |     604 |     424 |  41.2 |      20 |       1 |   4.8
        D:9 |    2875 |       0 |   0.0 |      37 |       0 |   0.0
       D:10 |    1162 |    3324 |  74.1 |      15 |       4 |  21.1
       D:11 |    4763 |    4149 |  46.6 |      28 |      28 |  50.0
       D:12 |    3508 |       0 |   0.0 |      23 |       0 |   0.0
       D:13 |    4243 |    5186 |  55.0 |      21 |      11 |  34.4
       D:14 |    6962 |       0 |   0.0 |      21 |       0 |   0.0
       D:15 |   15058 |    3859 |  20.4 |      43 |       4 |   8.5
     Lair:1 |    1711 |     808 |  32.1 |       7 |       1 |  12.5
     Lair:2 |    2754 |    5250 |  65.6 |       9 |      16 |  64.0
     Lair:3 |    5330 |    5109 |  48.9 |      22 |      26 |  54.2
     Lair:4 |    2164 |    2343 |  52.0 |       6 |      10 |  62.5
     Lair:5 |    4885 |    2937 |  37.5 |      12 |      18 |  60.0
     Lair:6 |   13942 |    8666 |  38.3 |      40 |      50 |  55.6
    Swamp:1 |   10442 |       0 |   0.0 |      24 |       0 |   0.0
    Swamp:2 |    8537 |    1948 |  18.6 |      22 |       1 |   4.3
    Swamp:3 |   11282 |       0 |   0.0 |      20 |       0 |   0.0
    Swamp:4 |   11176 |   20790 |  65.0 |      25 |      32 |  56.1
    Snake:1 |   16476 |    3490 |  17.5 |      36 |       1 |   2.7
    Snake:2 |   14002 |       0 |   0.0 |      24 |       0 |   0.0
    Snake:3 |   29791 |   21894 |  42.4 |      48 |      32 |  40.0
    Snake:4 |   27876 |   42416 |  60.3 |      52 |      72 |  58.1
    Slime:1 |    1343 |       0 |   0.0 |       4 |       0 |   0.0
    Slime:2 |    8442 |       0 |   0.0 |      12 |       0 |   0.0
    Slime:4 |    6503 |       0 |   0.0 |       7 |       0 |   0.0
    Slime:5 |    5747 |   28786 |  83.4 |       6 |      13 |  68.4
      Orc:1 |    4101 |     266 |   6.1 |      35 |       2 |   5.4
      Orc:2 |    4427 |    5633 |  56.0 |      24 |      39 |  61.9
      Elf:1 |   22904 |    4326 |  15.9 |      39 |       9 |  18.8
      Elf:2 |   16154 |   25535 |  61.3 |      31 |      31 |  50.0
      Elf:3 |   19786 |   43347 |  68.7 |      30 |      30 |  50.0
   Vaults:1 |   21404 |   22860 |  51.6 |      30 |      30 |  50.0
   Vaults:2 |   37757 |   15097 |  28.6 |      65 |      18 |  21.7
   Vaults:3 |   21492 |   19049 |  47.0 |      35 |      23 |  39.7
   Vaults:4 |   44202 |   39856 |  47.4 |      74 |      44 |  37.3
   Vaults:5 |       0 |    1113 | 100.0 |       0 |       1 | 100.0
    Crypt:1 |   21941 |    1801 |   7.6 |      33 |       2 |   5.7
    Crypt:2 |   28081 |   10011 |  26.3 |      42 |       8 |  16.0
    Crypt:3 |   24623 |   42348 |  63.2 |      24 |      12 |  33.3
   Depths:1 |   30340 |   11942 |  28.2 |      46 |      19 |  29.2
   Depths:2 |   31657 |   14182 |  30.9 |      36 |      13 |  26.5
   Depths:3 |   37746 |   43794 |  53.7 |      53 |      36 |  40.4
    Abyss:2 |     686 |       0 |   0.0 |       1 |       0 |   0.0
    Abyss:3 |    6622 |    2854 |  30.1 |       9 |       4 |  30.8
      Sewer |       0 |     146 | 100.0 |       0 |       8 | 100.0
      IceCv |       0 |   11504 | 100.0 |       0 |      58 | 100.0
   Gauntlet |       0 |    3329 | 100.0 |       0 |       9 | 100.0
            +---------+---------+-------+---------+---------+-------
